 Dungeon Crawl Stone Soup version 0.30-a0-586-g23e55c9e0a (webtiles) character file.

Game seed: 17893264969755061408

148 cforsyth the Ruffian (level 5, -8/46 HPs)
             Began as a Ghoul Monk on Jan 3, 2023.
             Mangled by Blork the orc
             ... wielding a +2 short sword of protection
              (13 damage)
             ... on level 4 of the Dungeon.
             The game lasted 00:05:59 (2999 turns).

cforsyth the Ruffian (Ghoul Monk)                   Turns: 2999, Time: 00:06:00

Health: -8/46      AC:  5    Str: 17    XL:     5   Next: 30%
Magic:  4/4        EV: 12    Int:  5    God:
Gold:   102        SH:  0    Dex: 11    Spells: 4/4 levels left

rFire   . . .      SeeInvis .      - Unarmed
rCold   + . .      Faith    .    (no shield)
rNeg    + + +      Spirit   .    a - +0 robe
rPois   ∞          Reflect  .    p - +0 helmet
rElec   .          Harm     .    g - +0 cloak
rCorr   .          Rampage  .    (no gloves)
Will    .....                    o - +0 pair of boots
Stlth   +                        (no amulet)
HPRegen 0.00/turn                (no ring)
MPRegen 0.09/turn                (no ring)

@: confused, ambrosia-drunk, inhibited regen
A: claws 1, cold resistance 1, negative energy resistance 3, inhibited
regeneration, torment resistance 2, devour on kill
a: no special abilities


You were on level 4 of the Dungeon.
You visited 1 branch of the dungeon, and saw 4 of its levels.

You collected 157 gold pieces.
You spent 55 gold pieces at shops.

Inventory:

Armour
 a - a +0 robe (worn)
 g - a +0 cloak (worn)
 o - a +0 pair of boots (worn)
 p - a +0 helmet (worn)
Jewellery
 j - an amulet of magic regeneration
Wands
 q - a wand of flame (16)
 s - a wand of roots (15)
Scrolls
 f - a scroll of enchant weapon {unknown}
 k - 2 scrolls of enchant armour {unknown}
 m - a scroll of teleportation
 n - a scroll of magic mapping {unknown}
 t - a scroll of fear {unknown}
 u - a scroll of immolation {unknown}
 v - a scroll of amnesia {unknown}
Potions
 c - a potion of invisibility {unknown}
 d - a potion of heal wounds {unknown}
 e - a potion of resistance {unknown}
 h - 3 potions of brilliance
 i - a potion of haste
 l - a potion of flight
 r - a potion of might
 w - a potion of curing {unknown}


   Skills:
 + Level 4.2 Fighting
 + Level 3.5 Dodging
 + Level 3.6 Stealth
 + Level 4.3 Unarmed Combat


You had 4 spell levels left.
You didn't know any spells.
Your spell library contained the following spells:

 Spells                   Type           Power      Damage    Failure   Level
 Ensorcelled Hibernation  Hex/Ice        0%         N/A       63%         2
 Passwall                 Tmut/Erth      0%         N/A       63%         2
 Swiftness                Air            0%         N/A       85%         3


Dungeon Overview and Level Annotations

Branches:
Dungeon (4/15)
 Temple: D:4-7

Altars:
Kikubaaqudgha
Nemelex Xobeh

Shops:
D:2 ?(

Annotations:
D:2 1 runed translucent door, Crazy Yiuf
D:4 Blork the orc


Innate Abilities, Weirdness & Mutations

You are immune to poison.
You have sharp fingernails.
Your flesh is cold resistant. (rC+)
You are immune to negative energy. (rN+++)
You do not regenerate when monsters are visible.
You are immune to unholy pain and torment.
You thrive by killing the living.


Message History

You are too injured to fight recklessly!
You are too injured to fight recklessly!
You are too injured to fight recklessly!
You are too injured to fight recklessly!
You are too injured to fight recklessly!
You are too injured to fight recklessly!
You scratch Blork the orc but do no damage.
Blork the orc is heavily wounded.
Blork the orc mumbles some strange words.
Blork the orc seems to speed up.
You scratch Blork the orc.
Blork the orc is severely wounded.
Blork the orc closely misses you.
You scratch Blork the orc.
Blork the orc is almost dead.
Blork the orc drinks a potion.
Blork the orc seems to grow stronger.
Blork the orc barely misses you.
You scratch Blork the orc.
Blork the orc is almost dead.
Blork the orc hits you with a +2 short sword of protection!
* * * LOW HITPOINT WARNING * * *
You scratch Blork the orc but do no damage.
Blork the orc is almost dead.
Blork the orc casts a spell at you. The puff of flame misses you.
You barely miss Blork the orc.
Blork the orc is almost dead.
Blork the orc points at you and mumbles some strange words.
The puff of frost hits you. You resist.
* * * LOW HITPOINT WARNING * * *
Blork the orc barely misses you.
You scratch Blork the orc but do no damage.
Blork the orc is almost dead.
Blork the orc hits you with a +2 short sword of protection!
* * * LOW HITPOINT WARNING * * *
You are confused.
You feel invigorated.
Blork the orc looks satisfied for a moment.
Blork the orc hits you with a +2 short sword of protection!
You die...

..###.?#
#......#
#......#
#......#
#......#
#......#
#o†....#
####@.....#
+.........#
##<........#
##..........#
#...........#
+...........#
#.............
#......###+#..
+.>....#


You could see Blork the orc (fast, strong).

Vanquished Creatures
  An orc priest (D:3)
  Robin (D:2)
  2 dart slugs (D:1)
  4 orcs (D:3)
  7 ball pythons
  8 bats
  5 endoplasms
  4 giant cockroaches
  5 hobgoblins
  4 jackals (D:2)
  8 kobolds
  4 quokkas
  5 frilled lizards
  20 goblins
  8 rats
86 creatures vanquished.

Notes
Turn   | Place    | Note
-------+----------+-------------------------------------------
     0 | D:1      | cforsyth the Ghoul Monk began the quest for the Orb.
     0 | D:1      | Reached XP level 1. HP: 19/19 MP: 0/0
    70 | D:1      | Reached XP level 2. HP: 15/26 MP: 1/1
   226 | D:1      | Found a faded altar of an unknown god.
   411 | D:1      | Reached XP level 3. HP: 11/31 MP: 2/2
  1232 | D:2      | Found a runed translucent door.
  1233 | D:2      | Noticed Crazy Yiuf
  1316 | D:2      | Noticed Robin
  1448 | D:2      | Reached XP level 4. HP: 40/40 MP: 3/3
  1613 | D:2      | Found Pususk's Magic Scroll Shop.
  1652 | D:2      | Found Toidwuil's Antique Weapon Boutique.
  1747 | D:2      | Found a sparkling altar of Nemelex Xobeh.
  1807 | D:2      | Killed Robin
  1884 | D:2      | Bought a scroll of identify for 22 gold pieces
  1884 | D:2      | Bought a scroll of teleportation for 33 gold pieces
  2483 | D:3      | Found an ancient bone altar of Kikubaaqudgha.
  2726 | D:3      | Reached XP level 5. HP: 30/46 MP: 4/4
  2978 | D:4      | Noticed Blork the orc
  2998 | D:4      | HP: 1/46 [Blork the orc/+2 short sword of protection (7)]
  2999 | D:4      | Mangled by Blork the orc

Illustrated notes

Levels and vault maps discovered:
D:1:      lightli_molten_gateway, layout_loops_cross,
          hellmonk_ecumenical_altar_slurped_away
D:2:      layout_loops_ring, basic_altar, serial_shops, nicolae_shop_waterfront,
          shop, uniq_crazy_yiuf_cottage, uniq_robin
D:3:      layout_loops_ring, mainiacjoe_overflow_swirl, minivault_23,
          patterned_corridor
D:4:      layout_gridville, nicolae_overflow_crystal_walls,
          mainiacjoe_overflow_boulevard, nicolae_hexahallways, uniq_menkaure,
          uniq_blork_the_orc

Skill      XL: |  1  2  3  4 |
---------------+-------------+-----
Dodging        | 3 |  3.5
Stealth        | 3 |  3.6
Unarmed Combat | 4 |  4.3
Fighting       | 4 |  4.2

Action                   |  1- 3 |  4- 6 || total
-------------------------+-------+-------++-------
Melee: Unarmed           |   154 |    93 ||   247
       Punch             |     5 |     3 ||     8
  Use: Scroll            |       |     3 ||     3
       Potion            |       |     1 ||     1
 Stab: Sleeping          |     5 |     6 ||    11
Armor: Robe              |    44 |    17 ||    61
Dodge: Dodged            |   121 |    38 ||   159

Table legend: (Time is in decaauts)
 A = Elapsed time spent in this place.
 B = Non-inter-level travel time spent in this place.
 C = Inter-level travel time spent in this place.
 D = Time resting spent in this place.
 E = Time spent auto-exploring this place.
 F = Levels seen in this place.
 G = Mean time per level.
                   A        B        C        D        E       F      G
               +--------+--------+--------+--------+--------+-----+--------+
         Total |   2983 |   2739 |    244 |    115 |   1986 |   4 |  745.8 |
       Dungeon |   2983 |   2739 |    244 |    115 |   1986 |   4 |  745.8 |
               +--------+--------+--------+--------+--------+-----+--------+

Top non-repeatable levels by time:
     D:2: 1130 daAuts
     D:1: 1051 daAuts
     D:3: 779 daAuts
     D:4: 22 daAuts
